 Dungeon Crawl Stone Soup version 0.20.1-1-g8b1a95d (webtiles) character file.

52 gobwax the Firebug (level 3, -3/21 HPs)
             Began as an Octopode Fire Elementalist on Aug 14, 2017.
             Killed from afar by Natasha (11 damage)
             ... with a magic dart
             ... on level 2 of the Dungeon.
             The game lasted 00:02:20 (1080 turns).

gobwax the Firebug (Octopode Fire Elementalist)     Turns: 1080, Time: 00:02:22

Health: -3/21      AC:  1    Str:  7    XL:     3   Next: 85%
Magic:  0/6        EV: 13    Int: 18    God:
Gold:   45         SH:  0    Dex: 12    Spells: 6/7 levels left

rFire    . . .     SeeInvis .   (no weapon)
rCold    . . .     Gourm    .   (no shield)
rNeg     . . .     Faith    .   (helmet restricted)
rPois    .         Spirit   .   (no amulet)
rElec    .         Reflect  .   j - ring of stealth
rCorr    .         Harm     .   (no ring)
MR       .....                  (no ring)
Stlth    ++++......             (no ring)
Regen    0.1/turn               (no ring)
MPRegen  0.1/turn               (no ring)
                                (no ring)
                                (no ring)

@: slowed, very slow
A: almost no armour, stealthy swim, amphibious, 8 rings, constrict 8, camouflage
1, gelatinous body 1
a: no special abilities


You were on level 2 of the Dungeon.
You were not hungry.

You visited 1 branch of the dungeon, and saw 2 of its levels.

You collected 45 gold pieces.

Inventory:

Jewellery
 j - a ring of stealth (left tentacle)
Scrolls
 c - a scroll of random uselessness {unknown}
 g - a scroll of enchant armour {unknown}
 k - a scroll of amnesia {unknown}
 m - a scroll of teleportation {unknown}
Potions
 d - a potion of invisibility {unknown}
 e - 2 potions of curing {unknown}
 h - a potion of heal wounds
 l - a potion of magic {unknown}
 o - a potion of lignification {unknown}
Books
 a - a book of Flames

   Spells                             Type                      Level
   a - Flame Tongue                   Conjuration/Fire             1
   b - Throw Flame                    Conjuration/Fire             2
   c - Conjure Flame                  Conjuration/Fire             3
   d - Inner Flame                    Hexes/Fire                   3
   e - Sticky Flame                   Conjuration/Fire             4
   f - Fireball                       Conjuration/Fire             5
Comestibles
 b - a bread ration
 f - 2 royal jellies
 i - a meat ration


   Skills:
 - Level 2.0 Dodging
 - Level 2.6 Stealth
 + Level 2.6 Spellcasting
 + Level 1.1 Conjurations
 + Level 4.1 Fire Magic


You had 6 spell levels left.
You knew the following spells:

 Your Spells              Type           Power        Failure   Level  Hunger
a - Flame Tongue          Conj/Fire      ##...        6%          1    #......


Dungeon Overview and Level Annotations

Branches:
Dungeon (2/15)

Altars:

Annotations:
D:2 Natasha


Innate Abilities, Weirdness & Mutations

You cannot wear most types of armour.
You are very stealthy in the water. (Stealth+)
You are amphibious.
You can wear up to eight rings at the same time.
You can use your tentacles to constrict eight enemies at once.
Your skin changes colour to match your surroundings (Stealth+).
Your rubbery body absorbs attacks. (AC +1, EV +1)


Message History

It was a potion of heal wounds.
You feel much better.
Unknown command.
Put on which piece of jewellery? (? for menu, Esc to quit)
j - a ring of stealth (left tentacle)
Casting: Flame Tongue
Confirm with . or Enter, or press ? or * to list all spells.
Aiming: Flame Tongue
Press: ? - help, Shift-Dir - straight line, f/p - Natasha
Aim: Natasha The flame tongue misses Natasha.
Natasha closely misses you. Natasha barely misses you.
You closely miss Natasha. You grab Natasha. You constrict Natasha.
Natasha claws you.
You tentacle-slap Natasha.
Natasha is moderately wounded.
You constrict Natasha. Natasha claws you! Natasha casts a spell at you.
The magic dart hits you!
Ouch! That really hurt!
You die...

....# #.#. #.#.#######
#.### ##.#.#.#.
#.#.).†...# .....
.....#. #.#.#.....####
.....
.....#+###.###.........
.....
.###.......#...#.....###
.....
...........###.#.....#
..... #....(...#
#...###.# .....
#.####'###########.#
..... #..(...h@.....#
####. ############### ##
# ##### # #...# # .... #
###.### #...... #.#.###


You could see Natasha.

Vanquished Creatures
  2 adders (D:2)
  A dart slug (D:2)
  A ball python (D:1)
  2 giant cockroaches (D:2)
  4 goblins
  4 hobgoblins
  6 jackals (D:2)
  A quokka (D:2)
  2 bats (D:1)
  A frilled lizard (D:2)
  4 kobolds
  A rat (D:1)
29 creatures vanquished.

Notes
Turn   | Place    | Note
-------+----------+-------------------------------------------
     0 | D:1      | gobwax the Octopode Fire Elementalist began the quest for the Orb.
     0 | D:1      | Reached XP level 1. HP: 11/11 MP: 3/3
   221 | D:1      | Reached XP level 2. HP: 11/17 MP: 5/5
   700 | D:2      | Reached XP level 3. HP: 21/21 MP: 1/6
   859 | D:2      | Reached skill level 4 in Fire Magic
  1061 | D:2      | Noticed Natasha
  1080 | D:2      | Killed from afar by Natasha

Skill      XL: |  1  2  3 |
---------------+----------+-----
Fire Magic     | 4 |  4.1
Dodging        | |  2.0
Stealth        | |  2.6
Spellcasting   | |  2.6
Conjurations   | |  1.1

Action                   || total
-------------------------++-------
Melee: Unarmed           ||    38
       Constrict         ||    12
       Tentacles         ||     6
 Cast: Flame Tongue      ||    29
  Use: Potion            ||     1
 Stab: Sleeping          ||     3
  Eat: Chunk             ||     1
Armor: Skin              ||     2
Dodge: Dodged            ||    37
